Map: Blackburn LE

Players

TriGGeR

  • Race: Protoss Protoss
  • League: Grandmaster

MaSa - Winner!

  • Race: Terran Terran
  • League: Master

Event: DreamHack SC2 Masters 2021 Summer

VOD

Have the link to the VOD?

Description

Time

  • Played on: May 30, 2021, 4:21 p.m.
  • Length: 10:02

All games in this series

Show
View Real Time Build Order
Export as new Build Order

TriGGeR Protoss 

Build Orders: 1 Gate Expand, Phoenix Opening 

Get SALT Encoding   

  12  0:00  Probe  
  13  0:12  Probe  
  14  0:17  Pylon  
  14  0:24  Probe (Chrono Boost)  
  16  0:36  Probe (Chrono Boost), Gateway  
  16  0:42  Probe (Chrono Boost)  
  16  0:45  Assimilator  
  17  0:51  Probe  
  18  1:03  Probe  
  19  1:15  Probe  
  20  1:22  Cybernetics Core  
  20  1:31  Probe  
  21  1:38  Nexus  
  21  1:44  Probe, Pylon  
  21  1:57  Assimilator  
  21  2:00  Adept (Chrono Boost)  
  22  2:04  Probe  
  24  2:16  Probe  
  25  2:25  Stargate  
  25  2:27  Adept (Chrono Boost)  
  25  2:28  Probe  
  28  2:41  Probe, Shield Battery  
  29  2:46  Warp Gate  
  29  2:53  Probe  
  29  2:54  Probe  
  29  2:55  Shield Battery  
  31  3:01  Void Ray (Chrono Boost)  
  31  3:05  Probe  
  32  3:11  Probe  
  36  3:18  Probe  
  37  3:23  Probe  
  38  3:27  Adept  
  38  3:30  Probe  
  41  3:34  Phoenix (Chrono Boost)  
  41  3:36  Probe  
  44  3:42  Pylon  
  44  3:46  Probe  
  45  3:54  Probe  
  46  4:00  Phoenix (Chrono Boost)  
  48  4:04  Forge  
  43  4:10  Probe x2  
  42  4:22  Probe x2  
  42  4:23  Phoenix (Chrono Boost)  
  46  4:34  Gateway  
  46  4:42  Probe  
  46  4:44  Probe  
  48  4:50  Pylon  
  48  4:53  Photon Cannon  
  48  4:55  Probe (Chrono Boost)  
  48  4:59  Probe (Chrono Boost)  
  50  5:04  Phoenix (Chrono Boost)  
  53  5:07  Probe (Chrono Boost)  
  53  5:12  Probe (Chrono Boost)  
  53  5:13  Probe (Chrono Boost)  
  53  5:22  Probe  
  53  5:25  Photon Cannon  
  50  5:30  Oracle (Chrono Boost)  
  50  5:33  Probe  
  54  5:37  Probe  
  54  5:40  Assimilator  
  55  5:45  Probe, Assimilator  
  55  5:49  Probe  
  57  5:57  Probe  
  57  6:01  Probe  
  54  6:07  Phoenix (Chrono Boost)  
  54  6:09  Probe  
  56  6:13  Probe  
  56  6:14  Nexus  
  56  6:17  Pylon  
  57  6:20  Robotics Facility  
  57  6:21  Probe  
  57  6:25  Probe  
  59  6:33  Probe  
  59  6:37  Probe  
  61  6:44  Phoenix (Chrono Boost)  
  61  6:45  Probe  
  58  6:49  Probe, Twilight Council  
  58  6:54  Gateway  
  59  6:56  Gateway  
  59  6:58  Probe  
  59  7:00  Phoenix (Chrono Boost)  
  60  7:04  Photon Cannon  
  60  7:05  Adept x2  
  66  7:10  Probe  
  66  7:13  Probe  
  68  7:21  Immortal (Chrono Boost)  
  68  7:22  Pylon  
  68  7:26  Probe  
  68  7:28  Phoenix  
  75  7:30  Probe  
  75  7:31  Probe  
  75  7:35  Charge (Chrono Boost)  
  77  7:41  Probe  
  78  7:46  Zealot x2  
  78  7:48  Probe  
  83  7:53  Gateway  
  83  7:54  Gateway  
  83  8:02  Phoenix  
  83  8:04  Zealot x2  
  89  8:10  Zealot x2  
  90  8:14  Pylon  
  90  8:15  Pylon  
  90  8:27  Pylon  
  90  8:30  Shield Battery  
  90  8:33  Immortal, Adept x3  
  100  8:40  Zealot  
  102  8:50  Zealot x2  
  102  8:55  Zealot x2  
  108  9:01  Zealot x2  
  59  9:13  Zealot  
  59  9:14  Zealot  
  59  9:17  Zealot x2  
  68  9:23  Zealot x2  
  43  9:33  Zealot  
  43  9:35  Zealot  
  43  9:36  Sentry  
  34  9:45  Zealot x3  
  39  9:51  Zealot  
Show
View Real Time Build Order
Export as new Build Order

MaSa Terran - Winner!

Build Orders: Banshee Rush 

Get SALT Encoding   

  12  0:00  SCV  
  13  0:12  SCV  
  14  0:17  Supply Depot  
  14  0:24  SCV  
  15  0:38  SCV  
  15  0:39  Barracks  
  16  0:45  Refinery  
  16  0:51  SCV  
  17  0:59  Engineering Bay  
  17  1:04  SCV  
  18  1:16  SCV  
  19  1:26  Marine  
  19  1:28  Orbital Command  
  20  1:35  Refinery  
  20  1:41  Supply Depot  
  20  1:46  Marine  
  21  1:55  SCV  
  22  2:03  Factory  
  22  2:06  Barracks Reactor  
  23  2:08  SCV  
  23  2:17  Bunker  
  23  2:21  SCV  
  24  2:26  Supply Depot  
  24  2:33  SCV  
  25  2:45  SCV  
  26  2:52  Starport  
  26  2:53  Supply Depot  
  26  2:59  Barracks Tech Lab, Hellion x2  
  26  3:01  SCV  
  31  3:13  SCV  
  32  3:20  Hellion x2  
  32  3:26  SCV  
  37  3:31  Supply Depot  
  37  3:36  Banshee, Cloaking Field  
  37  3:38  SCV  
  41  3:50  SCV  
  41  3:51  Factory Tech Lab  
  41  4:02  Command Center  
  40  4:09  SCV  
  37  4:20  Banshee  
  37  4:21  Marine x2  
  37  4:22  SCV  
  39  4:27  Cyclone  
  42  4:34  SCV  
  42  4:41  Bunker  
  42  4:42  Marine x2  
  44  4:47  Barracks  
  44  4:51  SCV  
  45  4:59  Siege Tank  
  48  5:04  SCV  
  49  5:08  Starport Reactor  
  49  5:09  Marine x2  
  49  5:20  SCV  
  47  5:22  Orbital Command  
  47  5:28  Marine x2  
  47  5:32  SCV  
  46  5:44  SCV, Barracks  
  46  5:46  Engineering Bay  
  46  5:47  Marine x2  
  49  5:52  Stimpack  
  49  5:54  SCV  
  49  5:55  Starport Reactor  
  49  5:56  SCV, Marine  
  49  6:05  Marine x2  
  49  6:06  Siege Tank  
  49  6:07  SCV  
  52  6:13  Terran Infantry Weapons Level 1  
  52  6:14  Marine  
  52  6:17  SCV  
  54  6:23  SCV, Marine x2  
  57  6:31  Marine  
  53  6:41  Marine x2  
  53  6:42  SCV  
  53  6:43  SCV  
  54  6:47  Barracks  
  54  6:49  Refinery, Marine  
  54  6:50  Refinery, Barracks  
  54  6:52  Marine x2  
  54  6:53  Viking x2  
  54  6:54  SCV  
  62  6:55  SCV  
  62  6:59  Marine x2, Supply Depot  
  62  7:00  Siege Tank  
  68  7:05  Supply Depot  
  68  7:06  SCV  
  68  7:07  Marine  
  70  7:16  Supply Depot  
  70  7:21  SCV, Marine x4  
  75  7:23  Supply Depot  
  75  7:25  Marine, Medivac  
  75  7:27  Medivac  
  80  7:31  Combat Shield  
  80  7:34  Marine  
  79  7:38  SCV  
  79  7:39  Marine x4  
  79  7:41  Barracks Tech Lab  
  79  7:43  Marine  
  85  7:44  SCV  
  85  7:50  SCV, Siege Tank  
  90  7:52  Marine  
  90  7:56  Marine x3, Medivac  
  96  7:59  Medivac  
  96  8:02  Marine  
  96  8:03  Marine x2  
  100  8:10  Marine  
  101  8:14  Marine  
  101  8:19  Supply Depot  
  102  8:21  Marine x4  
  102  8:24  Marine  
  107  8:28  Marine  
  107  8:32  Marine  
  109  8:38  Marine  
  109  8:40  Marine x2  
  112  8:47  Marine x3  
  111  9:00  Marine  
  111  9:01  Marine x2  
  103  9:03  Marine  
  103  9:05  Marine x2  
  96  9:12  SCV  
  97  9:18  Medivac  
  91  9:32  Marine x2  
  93  9:42  SCV x2  
  94  9:51  Missile Turret  
Tags
 
Add a new tag
Caveats
  • Supply blocks, unpowered buildings, or Contaminate may cause inaccurate times.
  • Supply counts are checked every 10 seconds.